 Dungeon Sprint DCSS version 0.21.2 (webtiles) character file.

3000000 Fr4nc3scaITA the Axe Maniac (level 24, -28/249 HPs)
             Began as a Ghoul Gladiator on Mar 17, 2019.
             Was the Champion of Makhleb.
             Annihilated by a destroyer
             ... wielding a +9 great sword of slicing
              (178 damage)
             ... in the Dungeon (Sprint VIII: "Arena of Blood").
             The game lasted 00:06:21 (30 turns).

Fr4nc3scaITA the Axe Maniac (Ghoul Gladiator)         Turns: 30, Time: 00:06:21

Health: -28/249    AC:  8    Str: 24    XL:     24   Next: 70%
Magic:  22/53      EV: 28    Int:  6    God:    Makhleb [******]
Gold:   0          SH:  0    Dex: 12    Spells: 77/77 levels left

rFire    . . .     SeeInvis .   l - +∞ Axe of Woe
rCold    + . .     Gourm    .   (shield currently unavailable)
rNeg     + + +     Faith    .   b - +0 leather armour
rPois    ∞         Spirit   .   c - +0 helmet
rElec    .         Reflect  .   (no cloak)
rCorr    .         Harm     .   (no gloves)
MR       +....     NoTele   +   (no boots)
Stlth    +++++++++.             (no amulet)
HPRegen  0.00/turn              (no ring)
MPRegen  0.33/turn              (no ring)

@: rotting
A: rotting body, claws 1, carnivore, cold resistance 1, negative energy
resistance 3, inhibited regeneration, torment resistance, unbreathing
a: Minor Destruction, Lesser Servant of Makhleb, Major Destruction, Greater
Servant of Makhleb, Renounce Religion


You were in the Dungeon.
You worshipped Makhleb.
Makhleb was exalted by your worship.
You were not hungry.

You visited 1 branch

Inventory:

Hand Weapons
 a - a +0 war axe
 l - the +∞ Axe of Woe (weapon)
   (You found it in the Dungeon)
Missiles
 d - 3 throwing nets (quivered)
Armour
 b - a +0 leather armour (worn)
 c - a +0 helmet (worn)
Scrolls
 k - a scroll of blinking
Potions
 e - a potion of curing
 g - a potion of heal wounds
 h - a potion of haste
 i - 2 potions of magic
 j - a potion of berserk rage
Comestibles
 f - a ration


   Skills:
 O Level 27 Fighting
 O Level 27 Axes
 O Level 27 Throwing
 O Level 27 Armour
 O Level 27 Dodging
 O Level 27 Stealth
 O Level 27 Unarmed Combat
 O Level 27 Spellcasting
 O Level 27 Invocations


You had 77 spell levels left.
You didn't know any spells.

Dungeon Overview and Level Annotations

Branches:
Dungeon (1/1)

Altars:
Makhleb


Innate Abilities, Weirdness & Mutations

Your body is rotting away.
You thrive on raw meat.
You are immune to poison.
You have sharp fingernails.
You are carnivorous and can eat meat at any time.
Your flesh is cold resistant. (rC+)
You are immune to negative energy. (rN+++)
You do not regenerate when monsters are visible.
You are immune to unholy pain and torment.
You can survive without breathing.


Message History

a +9 great sword of slicing; a +200 ring of slaying You hear a shout! x6
The meat berserker rages.
The bag of meat hits you with a +9 war axe!!
You hear a shout! x3
The destroyer blinks!
You hear a shout!
The meat berserker hits you with a +9 battleaxe!!
You hear a shout! x4
The destroyer blinks!
You hear a shout!
An orc and an ogre come into view.
You hear a shout! x2
The meat berserker rages.
You hear a shout!
The bag of meat hits you with a +9 war axe!!
You hear a shout! x3
The destroyer hits you with a +9 great sword of slicing!!!!!
Ouch! That really hurt!
You die... oo.....

o.O.... ....... ...
......... ....
#.......# ......
#.......# ......
.###.......###......
......###..@........
......_..VOo.o.....
#.....#Oo.....#.
#_.<._#oV).....o
..#....)#o))o.§#.
......_))oo))......
......###)o...o...#.
.###....o..###......
#.......# ..§...


You could see 2 destroyers, 3 meat berserkers and 13 bags of meat.

Vanquished Creatures
  A vampire knight (D)
  13 ogres (D)
  20 orcs (D)
34 creatures vanquished.

Notes
Turn   | Place    | Note
-------+----------+-------------------------------------------
     0 | D        | Found the +∞ Axe of Woe
     0 | D        | Fr4nc3scaITA the Ghoul Gladiator began the quest for the Orb.
     0 | D        | Reached XP level 1. HP: 17/17 MP: 0/0
     2 | D        | Noticed a bag of meat
     3 | D        | Became a worshipper of Makhleb the Destroyer
     4 | D        | Noticed a bag of meat
     5 | D        | Noticed a meat berserker
     6 | D        | Noticed a bag of meat
     6 | D        | Noticed a meat berserker
     6 | D        | Killed a meat berserker
     6 | D        | Reached skill level 10 in Throwing
     6 | D        | Reached XP level 2. HP: 42/42 MP: 1/1
     6 | D        | Reached XP level 3. HP: 49/49 MP: 2/2
     6 | D        | Reached XP level 4. HP: 57/57 MP: 3/3
     6 | D        | Reached XP level 5. HP: 63/63 MP: 4/4
     6 | D        | Reached XP level 6. HP: 71/71 MP: 5/5
     6 | D        | Reached XP level 7. HP: 78/78 MP: 6/6
     6 | D        | Reached XP level 8. HP: 85/85 MP: 7/7
     6 | D        | Reached XP level 9. HP: 92/92 MP: 8/8
     6 | D        | Reached XP level 10. HP: 100/100 MP: 9/9
     6 | D        | Reached XP level 11. HP: 106/106 MP: 10/10
     6 | D        | Reached XP level 12. HP: 113/113 MP: 11/11
     6 | D        | Reached XP level 13. HP: 119/119 MP: 12/12
     7 | D        | Noticed a meat berserker
     7 | D        | Killed a bag of meat
     7 | D        | Reached * piety under Makhleb
     7 | D        | Reached XP level 14. HP: 130/130 MP: 13/13
     7 | D        | Noticed a bag of meat
     8 | D        | Noticed a meat berserker
     9 | D        | Killed a meat berserker
     9 | D        | Reached skill level 15 in Fighting
     9 | D        | Reached XP level 15. HP: 143/143 MP: 14/14
     9 | D        | Killed a meat berserker
     9 | D        | Reached ** piety under Makhleb
     9 | D        | Reached XP level 16. HP: 157/157 MP: 15/15
    10 | D        | Killed a meat berserker
    10 | D        | Reached skill level 27 in Axes
    10 | D        | Reached skill level 15 in Throwing
    10 | D        | Reached skill level 27 in Dodging
    10 | D        | Reached XP level 17. HP: 128/169 MP: 16/16
    11 | D        | Noticed a meat berserker
    12 | D        | Noticed a meat berserker
    12 | D        | Noticed a meat berserker
    12 | D        | Noticed a meat berserker
    12 | D        | Noticed a meat berserker
    12 | D        | Noticed a meat berserker
    13 | D        | Noticed a destroyer
    14 | D        | Killed a meat berserker
    14 | D        | Reached *** piety under Makhleb
    14 | D        | Reached XP level 18. HP: 147/194 MP: 17/17
    14 | D        | Reached skill level 27 in Fighting
    14 | D        | Reached skill level 5 in Armour
    16 | D        | Noticed a meat berserker
    16 | D        | Killed a meat berserker
    16 | D        | Killed a meat berserker
    16 | D        | Reached **** piety under Makhleb
    16 | D        | Reached skill level 27 in Throwing
    16 | D        | Reached XP level 19. HP: 207/207 MP: 18/18
    16 | D        | Killed a meat berserker
    17 | D        | Noticed a meat berserker
    17 | D        | Reached XP level 20. HP: 216/216 MP: 19/19
    17 | D        | Reached skill level 27 in Armour
    18 | D        | Killed a meat berserker
    18 | D        | Reached ***** piety under Makhleb
    18 | D        | Killed a destroyer
    18 | D        | Reached XP level 21. HP: 224/224 MP: 19/37
    18 | D        | Killed a meat berserker
    18 | D        | Reached skill level 15 in Spellcasting
    19 | D        | Noticed a meat berserker
    21 | D        | Reached XP level 22. HP: 233/233 MP: 19/43
    21 | D        | Reached ****** piety under Makhleb
    22 | D        | Reached skill level 27 in Stealth
    22 | D        | Reached skill level 27 in Unarmed Combat
    22 | D        | Reached skill level 27 in Invocations
    22 | D        | Reached XP level 23. HP: 240/240 MP: 19/50
    23 | D        | Reached skill level 27 in Spellcasting
    23 | D        | Noticed a destroyer
    24 | D        | Noticed a large bag of meat
    25 | D        | Reached XP level 24. HP: 249/249 MP: 20/53
    26 | D        | Noticed a destroyer
    30 | D        | Annihilated by a destroyer

Skill      XL: |  1  2  3  4  5  6  7  8  9 10 11 12 13 14 15 16 17 18 19 20 21 22 23 |
---------------+----------------------------------------------------------------------+-----
Fighting       | 12 13 15 17 19 25 27 | 27.0
Axes           | 19 21 23 26 27 | 27.0
Throwing       | 10 11 12 14 15 20 27 | 27.0
Dodging        | 18 20 22 25 27 | 27.0
Armour         | 4 17 25 27 | 27.0
Stealth        | 18 24 27 | 27.0
Unarmed Combat | 17 22 27 | 27.0
Spellcasting   | 13 18 24 27 | 27.0
Invocations    | 17 22 27 | 27.0

Action                   |  1- 3 |  4- 6 |  7- 9 | 10-12 | 13-15 | 16-18 | 19-21 | 22-24 || total
-------------------------+-------+-------+-------+-------+-------+-------+-------+-------++-------
Melee: Executioner's axe |     1 |       |       |       |     2 |     3 |     3 |     5 ||    14
Armor: Leather armour    |       |       |       |       |       |     1 |       |       ||     1
Dodge: Dodged            |       |       |       |       |     1 |     1 |     1 |       ||     3
